 Dungeon Crawl Stone Soup version 0.31-a0-237-g2d982f9f85 (webtiles) character file.

Game seed: 16462695332410550277

59 qw the Shooter (level 3, -3/29 HPs)
             Began as a Minotaur Hexslinger on July 11, 2023.
             Killed from afar by an orc wizard (6 damage)
             ... with a magic dart
             ... on level 2 of the Dungeon.
             The game lasted 00:00:26 (1473 turns).

qw the Shooter (Minotaur Hexslinger)                Turns: 1473, Time: 00:00:27

Health: -3/29      AC:  5    Str: 12    XL:     3   Next: 78%
Magic:  3/3        EV: 11    Int: 10    God:
Gold:   87         SH:  0    Dex: 14    Spells: 3/4 levels left

rFire   . . .        Y - +1 sling
rCold   . . .        (no shield)
rNeg    . . .        d - +0 ring mail
rPois   +            (helmet restricted)
rElec   .            (no cloak)
rCorr   .            (no gloves)
SInv    .            (no boots)
Will    .....        (no amulet)
Stlth   +            g - ring of poison resistance
HPRegen 0.24/turn    (no ring)
MPRegen 0.08/turn

%: no passive effects
@: no status effects
A: horns 2, retaliatory headbutt
a: no special abilities


You were on level 2 of the Dungeon.
You visited 1 branch of the dungeon, and saw 2 of its levels.

You collected 87 gold pieces.


Innate Abilities, Weirdness & Mutations

You have a pair of horns on your head.
You reflexively headbutt those who attack you in melee.


   Skills:
 - Level 2.0 Fighting
 + Level 4.1 Ranged Weapons
 - Level 1.2 Armour
 - Level 2.1 Dodging
 - Level 1.0 Spellcasting
 - Level 2.0 Hexes


You had 3 spell levels left.
You knew the following spells:

 Your Spells              Type           Power      Damage    Failure   Level
a - Slow                  Hex            16%        N/A       34%         1

Your spell library contained the following spells:

 Spells                   Type           Power      Damage    Failure   Level
 Inner Flame              Hex/Fire       2%         N/A       83%         3
 Portal Projectile        Hex/Tloc       4%         N/A       83%         3
 Cause Fear               Hex            2%         N/A       98%         4

Inventory:

Hand Weapons
 Y - a +1 sling (weapon)
Armour
 c - the +1 robe of Generosity {Rampage *Corrode rElec Regen+}
   (You found it on level 2 of the Dungeon)

   rElec:     It insulates you from electricity.
   Regen:     It increases your rate of health regeneration.
   *Corrode:  It may corrode you when you take damage.
   Rampage:   It bestows one free step when moving towards enemies.
 d - a +0 ring mail (worn)
Jewellery
 g - a ring of poison resistance (left hand)
Scrolls
 a - a scroll of revelation {unknown}
 i - 3 scrolls of teleportation {unknown}
Potions
 b - 2 potions of might {unknown}
 e - a potion of attraction {unknown}
 f - a potion of heal wounds
 h - a potion of haste {unknown}
 j - a potion of brilliance {unknown}

Dungeon Overview and Level Annotations

Branches:
Dungeon (2/15)

Altars:


Message History

You shoot a sling bullet. The sling bullet hits the adder.
The adder is moderately wounded.
The adder misses you. The adder barely misses you.
You shoot a sling bullet.
The sling bullet barely misses the adder.
The adder bites you but does no damage. The adder bites you.
You shoot a sling bullet. The sling bullet hits the adder!
You kill the adder!
Your Armour skill increases to level 1!
You shoot a sling bullet. The sling bullet hits the orc!
You kill the orc!
You shoot a sling bullet. The sling bullet hits the orc!
You kill the orc!
You hear some strange, mumbled words.
A magic dart appears from out of thin air!
The magic dart hits you.
You shoot a sling bullet. Something hits you.
You shoot a sling bullet. Something hits you. x2
You shoot a sling bullet. Something hits you.
You shoot a sling bullet. Something hits you.
You shoot a sling bullet.
You hear some strange, mumbled words.
A magic dart appears from out of thin air!
The magic dart hits you! Something hits you but does no damage.
You shoot a sling bullet.
You hear some strange, mumbled words.
A magic dart appears from out of thin air!
The magic dart hits you.
You shoot a sling bullet. Something hits you.
You shoot a sling bullet. Something hits you.
You hear some strange, mumbled words.
A magic dart appears from out of thin air!
The magic dart hits you.
You die...

####....##.#.##.#
#........#.#.##.#
#..####[.#.#.#...
#..##........#..#
#......>.#......#
#.#.#.#..#......#
###.........<......
##.#.###.##.##..#.##
#.)@.....##.# ..#.#
##{#.######.# ....#
#.#... ..# #+###
#)##### ### #. #. #.
#.


There were no monsters in sight!

Vanquished Creatures
  2 adders (D:2)
  3 orcs (D:2)
  2 endoplasms (D:1)
  A giant cockroach (D:1)
  7 goblins (D:1)
  A hobgoblin (D:1)
  A quokka (D:1)
  4 ball pythons
  6 bats
  3 kobolds (D:1)
  3 rats
33 creatures vanquished.

Notes
Turn   | Place    | Note
-------+----------+-------------------------------------------
     0 | D:1      | qw the Minotaur Hexslinger began the quest for the Orb.
     0 | D:1      | Reached XP level 1. HP: 16/16 MP: 1/1
     0 | D:1      | 0 ||| qw: Version: 0.3-a-52-g30416fa
     0 | D:1      | 0 ||| qw: Game counter: 5405
     0 | D:1      | 0 ||| qw: Melee chars always use a shield: true
     0 | D:1      | 0 ||| qw: God list: Okawaru
     0 | D:1      | 0 ||| qw: Allow faded altars: false
     0 | D:1      | 0 ||| qw: Do Orc after clearing Dungeon:15 true
     0 | D:1      | 0 ||| qw: Do second Lair branch before Depths: true
     0 | D:1      | 0 ||| qw: Lair rune preference: random
     0 | D:1      | 0 ||| qw: Goals: Normal
     0 | D:1      | 0 ||| PLANNING D:1-11
   259 | D:1      | Reached skill level 3 in Ranged Weapons
   260 | D:1      | Reached XP level 2. HP: 23/23 MP: 2/2
  1072 | D:1      | Reached XP level 3. HP: 29/29 MP: 3/3
  1082 | D:1      | 1082 ||| UPGRADING to +0 ring mail.
  1092 | D:1      | 1092 ||| DROPPING +0 robe.
  1093 | D:1      | 1093 ||| UPGRADING to ring of poison resistance.
  1094 | D:1      | 1094 ||| READING scroll labelled LETIGRIMOK.
  1095 | D:1      | 1095 ||| DRINKING 2 viscous pink potions.
  1096 | D:1      | 1096 ||| DROPPING scroll of poison.
  1157 | D:2      | Identified the +1 robe of Generosity {Rampage *Corrode
                  | rElec Regen+}
  1247 | D:2      | Found a faded altar of an unknown god.
  1385 | D:2      | Reached skill level 4 in Ranged Weapons
  1464 | D:2      | Reached skill level 1 in Armour
  1470 | D:2      | HP: 7/29 [something/magic dart (8)]
  1473 | D:2      | HP: 3/29 [something (2)]
  1473 | D:2      | Killed from afar by an orc wizard

Levels and vault maps discovered:
D:1:      dpeg_arrival_refuge, layout_basic
D:2:      cheibrodos_greedy_goblins, layout_loops_corners,
          shapermc_ecumenical_altar_ellora, hex_tiny,
          minmay_misc_feat_four_crosses

Skill      XL: |  1  2  3 |
---------------+----------+-----
Ranged Weapons | 3 4 |  4.1
Fighting       | 2 |  2.0
Armour         | 1 |  1.2
Dodging        | |  2.1
Spellcasting   | |  1.0
Hexes          | |  2.0

Action                     || total
---------------------------++-------
   Fire: Sling             ||   102
    Use: Scroll            ||     1
         Potion            ||     1
 Armour: Robe              ||    13
         Ring mail         ||     5
  Dodge: Dodged            ||    31

Table legend:
 A = Non-vault XP
 B = Vault XP
 C = Vault XP percentage of total XP
 D = Non-vault monster count
 E = Vault monster count
 F = Vault count percentage of total count
                 A         B        C        D         E       F
            +---------+---------+-------+---------+---------+-------
      Total |      85 |       0 |   0.0 |      33 |       0 |   0.0
            +---------+---------+-------+---------+---------+-------
        D:1 |      41 |       0 |   0.0 |      23 |       0 |   0.0
        D:2 |      44 |       0 |   0.0 |      10 |       0 |   0.0
            +---------+---------+-------+---------+---------+-------
